 Dungeon Crawl Stone Soup version 0.29.0-4-gdea44cf6ec (webtiles) character file.

Game seed: 17476189989160308072

39 qw the Chopper (level 3, 0/21 HPs)
             Began as a Tengu Warper on Aug 28, 2022.
             Succumbed to an adder's poison
             ... on level 2 of the Dungeon.
             The game lasted 00:00:07 (993 turns).

qw the Chopper (Tengu Warper)                        Turns: 993, Time: 00:00:07

Health: 0/21       AC:  6    Str: 13    XL:     3   Next: 45%
Magic:  7/7        EV: 11    Int: 13    God:
Gold:   77         SH:  0    Dex: 13    Spells: 6/6 levels left

rFire   . . .      SeeInvis .   Y - +0 war axe
rCold   . . .      Faith    .   (no shield)
rNeg    . . .      Spirit   .   k - +0 ring mail
rPois   .          Reflect  .   a - +1 hat {Will+}
rElec   .          Harm     .   (no cloak)
rCorr   .          Rampage  .   (no gloves)
Will    +....                   (boots unavailable)
Stlth   +.........              (no amulet)
HPRegen 0.07/turn               (no ring)
MPRegen 0.10/turn               (no ring)

@: lethally poisoned (0 -> -1)
A: beak, talons 3
a: no special abilities


You were on level 2 of the Dungeon.
You visited 1 branch of the dungeon, and saw 2 of its levels.

You collected 77 gold pieces.


Innate Abilities, Weirdness & Mutations

You have a beak for a mouth.
You have claws for feet.


   Skills:
 - Level 2.0 Fighting
 + Level 4.1 Axes
 - Level 1.0 Throwing
 - Level 1.1 Armour
 - Level 2.1 Dodging
 - Level 2.0 Spellcasting
 - Level 2.4 Translocations


You had 6 spell levels left.
You didn't know any spells.
Your spell library contained the following spells:

 Spells                   Type           Power      Damage    Failure   Level
 Blink                    Tloc           14%        N/A       30%         2
 Gell's Gravitas          Tloc           7%         N/A       52%         3
 Lesser Beckoning         Tloc           7%         N/A       52%         3
 Teleport Other           Tloc           7%         N/A       52%         3
 Manifold Assault         Tloc           7%         N/A       99%         5

Inventory:

Hand Weapons
 h - a +0 whip
 Y - a +0 war axe (weapon)
Armour
 a - a +1 hat of willpower (worn)
 k - a +0 ring mail (worn)
Potions
 d - a potion of curing {unknown}
 g - 2 potions of mutation {unknown}
 j - a potion of berserk rage {unknown}
 l - a potion of attraction {unknown}
 n - a potion of magic {unknown}

Dungeon Overview and Level Annotations

Branches:
Dungeon (2/15)

Altars:


Message History

You miss the adder. Your kick misses the adder. Your peck misses the adder.
The adder barely misses you. The adder bites you but does no damage.
You barely miss the adder. Your peck misses the adder. The adder misses you.
The adder barely misses you.
You barely miss the adder. Your kick misses the adder.
Your punch misses the adder. The adder bites you.
You are poisoned.
The adder poisons you!
You miss the adder. Your kick misses the adder.
You feel very sick. The adder barely misses you. The adder bites you.
You are more poisoned.
The adder poisons you!
You closely miss the adder. You claw the adder, but do no damage.
You peck the adder, but do no damage.
You feel sick. The adder bites you.
You are lethally poisoned!
The adder poisons you! The adder bites you but does no damage.
You slash the adder!
The adder is almost dead.
You feel very sick. The adder barely misses you.
You closely miss the adder.
The adder is almost dead.
You feel very sick.
The adder bites you but does no damage. x2
You miss the adder. Your kick misses the adder.
The adder is almost dead.
You feel sick. The adder barely misses you. The adder misses you.
You slash the adder!
You kill the adder!
You feel sick.
Your Axes skill increases to level 4!
There is a lethal amount of poison in your body!
You feel sick.
There is a lethal amount of poison in your body!
You feel sick.
There is a lethal amount of poison in your body!
You die...

.. #### #$ ...#
..##..## #.#....
#.#...# #.
###.#.....##...S
.............#
#@%# #..#
#..#### #.....#
###...#
#####...#
#...#...#
#.<.#...#
#...#...#


There were no monsters in sight!

Vanquished Creatures
  A gnoll (D:1)
  An adder (D:2)
  A dart slug (D:1)
  3 endoplasms (D:1)
  2 goblins
  2 hobgoblins (D:1)
  2 ball pythons (D:1)
  2 bats (D:1)
  3 kobolds (D:1)
  A rat (D:1)
18 creatures vanquished.

Notes
Turn   | Place    | Note
-------+----------+-------------------------------------------
     0 | D:1      | qw the Tengu Warper began the quest for the Orb.
     0 | D:1      | Reached XP level 1. HP: 12/12 MP: 4/4
     0 | D:1      | 0 ||| qw: Version: 0.1-a-89-g26bdef1
     0 | D:1      | 0 ||| qw: Game counter: 3139
     0 | D:1      | 0 ||| qw: Always use a shield: true
     0 | D:1      | 0 ||| qw: God list: Okawaru
     0 | D:1      | 0 ||| qw: Allow faded altars: false
     0 | D:1      | 0 ||| qw: Do Orc after D:15 true
     0 | D:1      | 0 ||| qw: Do second Lair branch before Depths: true
     0 | D:1      | 0 ||| qw: Lair rune preference: random
     0 | D:1      | 0 ||| qw: Plans: Normal
     0 | D:1      | 0 ||| PLANNING D:1-11
    51 | D:1      | 51 ||| SWAPPING to +0 war axe.
    99 | D:1      | 99 ||| DROPPING +0 hand axe.
   189 | D:1      | Reached skill level 3 in Axes
   189 | D:1      | Reached XP level 2. HP: 16/17 MP: 6/6
   295 | D:1      | Reached XP level 3. HP: 9/21 MP: 7/7
   600 | D:1      | 600 ||| Stepping ~*~*~tactically~*~*~ (stealth).
   876 | D:1      | 876 ||| UPGRADING to +0 ring mail.
   886 | D:1      | 886 ||| DROPPING +0 leather armour.
   887 | D:1      | 887 ||| DROPPING ring of magical power.
   888 | D:1      | 888 ||| READING scroll labelled ESEUMA HABOCLE.
   888 | D:1      | Identified a scroll of acquirement
   888 | D:1      | 888 ||| ACQUIRING +1 hat of willpower
   888 | D:1      | Acquired a +1 hat of willpower
   890 | D:1      | 890 ||| UPGRADING to +1 hat of willpower.
   895 | D:1      | 895 ||| READING scroll labelled YNKI DOVIDEXZOA.
   896 | D:1      | 896 ||| READING scroll labelled IDOAMM KOCESAM.
   897 | D:1      | 897 ||| READING scroll labelled XISOEXASCHU.
   898 | D:1      | 898 ||| READING scroll labelled FAKLOA OCUZ.
   901 | D:1      | 901 ||| READING scroll labelled EQOL RAMIOXU.
   902 | D:1      | 902 ||| DROPPING scroll of blinking.
   977 | D:2      | 977 ||| Stepping ~*~*~tactically~*~*~ (stealth).
   988 | D:2      | HP: 5/21 [poisoned by an adder]
   991 | D:2      | Reached skill level 4 in Axes
   991 | D:2      | HP: 2/21 [poisoned by an adder]
   993 | D:2      | Succumbed to an adder's poison

Levels and vault maps discovered:
D:1:      arrival_zaba_pyramid, layout_basic
D:2:      layout_loops_ring, shapermc_ecumenical_altar_flowoftime,
          nicolae_elevator_lobby_plus

Skill      XL: |  1  2  3 |
---------------+----------+-----
Axes           | 3 4 |  4.1
Fighting       | |  2.0
Throwing       | |  1.0
Armour         | |  1.1
Dodging        | |  2.1
Spellcasting   | |  2.0
Translocations | |  2.4

Action                   || total
-------------------------++-------
Melee: War axe           ||    45
       Hand axe          ||     4
       Kick              ||     9
       Peck              ||     4
Throw: Boomerang         ||     7
  Use: Scroll            ||     6
Armor: Leather armour    ||    13
       Ring mail         ||     5
Dodge: Dodged            ||    42

Table legend:
 A = Non-vault XP
 B = Vault XP
 C = Vault XP percentage of total XP
 D = Non-vault monster count
 E = Vault monster count
 F = Vault count percentage of total count
                 A         B        C        D         E       F
            +---------+---------+-------+---------+---------+-------
      Total |      56 |       0 |   0.0 |      18 |       0 |   0.0
            +---------+---------+-------+---------+---------+-------
        D:1 |      41 |       0 |   0.0 |      16 |       0 |   0.0
        D:2 |      15 |       0 |   0.0 |       2 |       0 |   0.0
            +---------+---------+-------+---------+---------+-------
